 Dungeon Crawl Stone Soup version 0.30.0-19-g36f170ea60 (webtiles) character file.

Game seed: 10803582547830303592

7 ChrisAssaf the Vexing (level 1, -3/14 HPs)
             Began as a Draconian Enchanter on May 29, 2023.
             Slain by a kobold
             ... wielding a +0 short sword of flaming
              (4 damage)
             ... on level 1 of the Dungeon.
             The game lasted 00:00:32 (229 turns).

ChrisAssaf the Vexing (Draconian Enchanter)          Turns: 229, Time: 00:00:33

Health: -3/14      AC:  4    Str:  8 (10) XL:     1   Next: 91%
Magic:  3/3        EV: 12    Int: 13 (15) God:
Gold:   19         SH:  0    Dex:  9 (11) Spells: 4/4 levels left

rFire   . . .        a - +1 dagger
rCold   . . .        (no shield)
rNeg    . . .        (body armour unavailable)
rPois   .            (helmet restricted)
rElec   .            (no cloak)
rCorr   .            (no gloves)
SInv    .            (no boots)
Will    .....        (no amulet)
Stlth   ++           (no ring)
HPRegen 0.22/turn    (no ring)
MPRegen 0.08/turn

%: no passive effects
@: no status effects
A: AC +4, unfitting armour, cold-blooded
a: no special abilities


You were on level 1 of the Dungeon.
You visited 1 branch of the dungeon, and saw 1 of its levels.

You collected 19 gold pieces.

Inventory:

Hand Weapons
 a - a +1 dagger (weapon)
Scrolls
 d - a scroll of silence {unknown}
 e - a scroll of vulnerability {unknown}
Potions
 b - 2 potions of invisibility


   Skills:
 * Level 0.2 Fighting
 * Level 1.1 Short Blades
 * Level 1.8 Dodging
 * Level 2.8 Stealth
 * Level 2.0 Spellcasting
 * Level 2.9 Hexes


You had 4 spell levels left.
You didn't know any spells.
Your spell library contained the following spells:

 Spells                   Type           Power      Damage    Failure   Level
 Ensorcelled Hibernation  Hex/Ice        10%        N/A       22%         2
 Confusing Touch          Hex            8%         N/A       22%         3
 Tukima's Dance           Hex            8%         N/A       22%         3
 Dazzling Flash           Conj/Hex       10%        N/A       38%         3


Dungeon Overview and Level Annotations

Branches:
Dungeon (1/15)

Altars:


Innate Abilities, Weirdness & Mutations

Your plain brown scales are hard. (AC +4)
You cannot fit into any form of body armour.
You are cold-blooded and may be slowed by cold attacks.


Message History

Found 14 gold pieces.
You see here a bubbling clear potion.
The helpless kobold fails to defend itself.
You puncture the kobold!
You kill the kobold!
The helpless kobold fails to defend itself.
You puncture the kobold!
You kill the kobold!
A kobold comes into view.
It is wielding a +0 short sword of flaming.
Things that are here:
a +0 club; a kobold corpse A rat comes into view.
Found 12 gold pieces.
The kobold shouts!
A bat comes into view.
The kobold hits you but does no damage.
You see here a +0 ring mail.
You closely miss the kobold.
Your tail-slap misses the kobold.
The kobold hits you with a +0 short sword of flaming.
The kobold burns you.
You closely miss the kobold.
The kobold hits you with a +0 short sword of flaming.
The kobold burns you.
You completely miss the kobold.
Your tail-slap misses the kobold.
The kobold hits you with a +0 short sword of flaming.
* * * LOW HITPOINT WARNING * * *
The kobold burns you.
* * * LOW HITPOINT WARNING * * *
You miss the kobold. The rat closely misses you.
The kobold hits you with a +0 short sword of flaming.
* * * LOW HITPOINT WARNING * * *
The kobold burns you.
* * * LOW HITPOINT WARNING * * *
Unknown command.
It was a potion of degeneration.
There was something very wrong with that liquid.
You feel weakened.
You feel dopey.
You feel clumsy. The rat misses you.
The kobold hits you with a +0 short sword of flaming.
You die...

##+###.#...#
#[.......
......#.###
#.######.
#.####..# #. #.
##.......## #.
#.
##.........##
#. #.
#...........#
#. #.
##....#.##.#.#
#. ######
#.....r#)!#...#
#...##
...#@##)#....#
+.<.'. ...#K#
$#...## #...#.
.. .#b #. #.#
#####. .# ## #.
.# #. #. .# #
## # . ##


You could see a bat, a kobold and a rat.

Vanquished Creatures
  A dart slug (D:1)
  A hobgoblin (D:1)
  2 kobolds (D:1)
  A ball python (D:1)
  A rat (D:1)
6 creatures vanquished.

Notes
Turn   | Place    | Note
-------+----------+-------------------------------------------
     0 | D:1      | ChrisAssaf the Draconian Enchanter began the quest for the
                  | Orb.
     0 | D:1      | Reached XP level 1. HP: 14/14 MP: 3/3
   229 | D:1      | Slain by a kobold

Illustrated notes

Levels and vault maps discovered:
D:1:      dpeg_arrival_tiny_h, layout_basic, minmay_small_reverse_x

Action                     || total
---------------------------++-------
  Melee: Dagger            ||    22
         Tailslap          ||     2
    Use: Potion            ||     1
   Stab: Sleeping          ||     2
 Armour: Skin              ||     5
  Dodge: Dodged            ||     7
